 Dungeon Crawl Stone Soup version 0.20.1-1-g8b1a95d (webtiles) character file.

114501 Monsterracer the Earth Mage (level 16, -1/105 HPs)
             Began as a Deep Elf Earth Elementalist on Aug 26, 2017.
             Was the Champion of Vehumet.
             Succumbed to a ghost moth's poison
             ... on level 1 of the Spider Nest on Aug 27, 2017.
             The game lasted 02:05:41 (35959 turns).

Monsterracer the Earth Mage (DEEE)                 Turns: 35959, Time: 02:05:42

Health: -1/105     AC: 18    Str: 16    XL:     16   Next: 16%
Magic:  0/36       EV: 21    Int: 39    God:    Vehumet [******]
Gold:   2592       SH:  6    Dex: 21    Spells: 2/44 levels left

rFire    . . .     SeeInvis .   b - +10 war axe "Newtbane" {drain, Int+7}
rCold    . . .     Gourm    .   A - +0 buckler
rNeg     . . .     Faith    .   H - +5 ring mail of Integrity {*Slow Str+7 Int+4}
rPois    +         Spirit   .   c - +0 helmet
rElec    .         Reflect  .   k - +0 cloak
rCorr    .         Harm     .   s - +1 pair of gloves
MR       +....                  W - +2 pair of boots {Stlth+}
Stlth    +++.......             U - amulet "Luen" {rPois Regen+ Str+4 Dex+3}
Regen    0.7/turn               T - ring "Wegehuis" {EV+1 Dex+3}
MPRegen  0.3/turn               i - ring of poison resistance

@: lethally poisoned (-1 -> -36), no potions
A: robust 1
a: Renounce Religion


You were on level 1 of the Spider Nest.
You worshipped Vehumet.
Vehumet was exalted by your worship.
You were not hungry.

You visited 5 branches of the dungeon, and saw 25 of its levels.
You also visited: Labyrinth.

You collected 2689 gold pieces.
You spent 97 gold pieces at shops.

Inventory:

Hand Weapons
 b - the +10 war axe "Newtbane" (weapon) {drain, Int+7}
   (You found it on level 11 of the Dungeon)

   A truly terrible weapon, it drains the life of those it strikes.
   It affects your intelligence (+7).
Missiles
 e - 2 throwing nets
 n - 242 stones (quivered)
Armour
 c - a +0 helmet (worn)
 k - a +0 cloak (worn)
 s - a +1 pair of gloves (worn)
 A - a +0 buckler (worn)
 B - the +2 robe of the Grue {rF+ rC+}
   (You found it in a labyrinth)

   It protects you from fire.
   It protects you from cold.
 H - the +5 ring mail of Integrity (worn) {*Slow Str+7 Int+4}
   (You found it on level 1 of the Lair of Beasts)

   It affects your strength (+7).
   It affects your intelligence (+4).
   It may slow you when you take damage.
 W - a +2 pair of boots of stealth (worn)
Magical Staves
 a - an uncursed staff of energy
Jewellery
 i - a ring of poison resistance (right hand)
 t - the ring of Wobic {Wiz SInv}
   (You found it on level 4 of the Lair of Beasts)

   [ring of wizardry]

   It improves your spell success rate.
   It lets you see invisible.
 S - an uncursed ring of protection from fire
 T - the ring "Wegehuis" (left hand) {EV+1 Dex+3}
   (You found it in a labyrinth)

   [ring of evasion]

   It affects your evasion (+1).
   It affects your dexterity (+3).
 U - the amulet "Luen" (around neck) {rPois Regen+ Str+4 Dex+3}
   (You found it in a labyrinth)

   [amulet of regeneration]

   It affects your strength (+4).
   It affects your dexterity (+3).
   It protects you from poison.
   It increases your rate of regeneration.
Wands
 x - a wand of digging (11/24)
 K - a wand of scattershot (4/9)
 N - a wand of digging (8/24)
Scrolls
 o - 9 scrolls of teleportation
 u - 4 scrolls of enchant weapon
 v - a scroll of fear
 z - a scroll of magic mapping
 F - 6 scrolls of fog
 L - 4 scrolls of remove curse
 O - 2 scrolls of identify
 Q - a scroll of blinking
Potions
 f - 7 potions of curing
 h - 6 potions of agility
 j - 3 potions of resistance
 l - a potion of haste
 p - 2 potions of cancellation
 q - 5 potions of mutation
 r - 7 potions of heal wounds
 y - 2 potions of magic
 C - 2 potions of ambrosia
 D - 7 potions of lignification
 E - 5 potions of brilliance
 J - a potion of flight
Miscellaneous
 G - a crystal ball of energy
Comestibles
 d - 18 bread rations
 g - 20 fruits
 m - 28 royal jellies
 w - a chunk of flesh
 P - 5 meat rations


   Skills:
 + Level 9.6 Fighting
 + Level 3.2 Armour
 - Level 12.0 Dodging
 - Level 2.4 Stealth
 - Level 4.0 Shields
 - Level 14.5 Spellcasting
 * Level 13.9 Conjurations
 - Level 4.0 Charms
 - Level 2.1 Necromancy
 - Level 1.1 Transmutations
 + Level 2.0 Fire Magic
 - Level 10.0 Ice Magic
 + Level 15.9 Earth Magic


You had 2 spell levels left.
You knew the following spells:

 Your Spells              Type           Power        Failure   Level  Hunger
a - Sandblast             Erth           ######       0%          1    None
b - Passwall              Tmut/Erth      #######...   1%          2    None
c - Stone Arrow           Conj/Erth      ######       0%          3    None
d - Lee's Rapid Deconstr  Erth           ########..   1%          5    None
e - Swiftness             Chrm/Air       #####...     1%          2    None
f - Regeneration          Chrm/Necr      ######....   1%          3    None
g - Fireball              Conj/Fire      ######....   1%          5    None
h - Ozocubu's Refrigerat  Ice            #######...   1%          6    None
i - Bolt of Cold          Conj/Ice       #######...   1%          6    None
j - Iron Shot             Conj/Erth      #######...   1%          6    None
k - Throw Frost           Conj/Ice       ######       0%          2    None
z - Apportation           Tloc           ####..       2%          1    None


Dungeon Overview and Level Annotations

Branches:
Dungeon (15/15)            Temple (1/1) D:6            Lair (6/6) D:9
 Shoals (0/4) Lair:4       Spider (1/4) Lair:2        Slime (0/5) Lair:6
    Orc (2/2) D:9             Elf (0/3) Orc:2        Vaults (0/5) D:14
 Depths (0/5) D:15

Altars:
Ashenzari
Cheibriados
Dithmenos
Elyvilon
Gozag
Hepliaklqana
Kikubaaqudgha
Makhleb
Nemelex Xobeh
Ru
Sif Muna
Trog
Uskayaw
Vehumet
Zin
The Shining One
Jiyva

Shops:
D:6 }   D:13 :   Orc:2 (**?


Innate Abilities, Weirdness & Mutations

You are robust. (+10% HP)


Message History

Something stings you.
* * * LOW HITPOINT WARNING * * *
Huge Dmg: -18%(-19hp) hp: 10%(10hp)
You cannot drink potions in your current state!
* * * LOW HITPOINT WARNING * * *
You feel very sick.
You feel you are being watched by something.
You feel your power leaking away.
* * * LOW MAGIC WARNING * * *
Something hits you but does no damage. Something barely misses you.
Something stings you but does no damage.
Huge Dmg: -4%(-4hp) hp: 6%(6hp)
* * * LOW HITPOINT WARNING * * *
You feel very sick.
You feel you are being watched by something.
You feel your power leaking away.
* * * LOW MAGIC WARNING * * *
Huge Dmg: -4%(-4hp) hp: 2%(2hp)
You cannot drink potions in your current state!
You die...

#................#
...........#s.....
..................
..................
...................
...............†.!..
..........#..†.††#..!
................@..†$......
..............#........#...
............†...$.........%
...>.........#...#.........
#......................#...
...............†...........
...........................
...................#.†....
†..>......................


You could see an orb spider (fleeing).

Vanquished Creatures
  Rupert (D:12)
  Frances (D:14)
  A dire elephant (Lair:6)
  A fire dragon (Lair:6)
  Josephine (D:11)
  Snorg (Orc:2)
  A minotaur (Lab)
  Erolcha (Orc:1)
  Harold (D:11)
  11 hydras
  The ghost of vineage the Carver, a novice MiFi of Okawaru (D:10)
  6 two-headed ogres
  An ogre mage (D:14)
  2 tengu warriors
  5 death yaks
  3 orc high priests (Orc:2)
  The ghost of gobwax the Martial Artist, a novice DgTm (D:9)
  Sonja (D:12)
  2 skeletal warriors (D:15)
  The ghost of Mesmaeker13 the Charmwright, a novice DrSk of Ashenzari (D:8)
  A swamp dragon (Lair:6)
  An unseen horror (D:15)
  A tengu zombie (D:15)
  A shadow dragon zombie (D:15)
  A phantasmal warrior (D:15)
  A deep elf mage (D:14)
  A necromancer (D:15)
  An orb spider (shapeshifter) (D:13)
  4 orc knights (Orc:2)
  2 wolf spiders (Spider:1)
  A lindwurm (Lair:6)
  3 ugly things
  An orb spider (Spider:1)
  2 oklob plants
  8 orc sorcerers
  2 manticores
  A wizard (D:15)
  6 cyclopes
  A centaur zombie (D:14)
  15 elephants
  Joseph (Lair:1)
  A moth of wrath (Spider:1)
  3 merfolk sirens (Lair:4)
  5 black mambas
  Psyche (D:11)
  An elf zombie (D:15)
  A black mamba (shapeshifter) (D:15)
  A torpor snail (Lair:5)
  8 spiny frogs
  4 komodo dragons
  2 kobold demonologists (D:13)
  5 rime drakes
  An efreet (D:14)
  A demonic crawler (Spider:1)
  A komodo dragon (shapeshifter) (D:12)
  A redback zombie (D:14)
  A spriggan skeleton (D:15)
  A tengu conjurer (D:15)
  10 trolls
  8 jumping spiders
  3 meliai (D:14)
  A jumping spider (shapeshifter) (D:13)
  13 polar bears
  A harpy skeleton (D:15)
  2 hornets
  6 slime creatures
  A wolf spider simulacrum (D:15)
  13 hippogriffs
  36 blink frogs
  4 raiju (Lair:6)
  2 shadows
  Sigmund (D:4)
  3 tarantellas (Spider:1)
  2 water elementals
  22 redbacks (Spider:1)
  20 yaks
  4 wraiths (D:11)
  7 basilisks
  8 wyverns
  3 steam dragons (Lair:6)
  A hungry ghost (D:13)
  5 vampire mosquitoes
  The ghost of Monsterracer the Conjurer, an amateur DrCj (D:3)
  Edmund (D:4)
  9 wargs
  3 acid dragons
  Duvessa (D:4)
  16 water moccasins
  12 porcupines
  4 sky beasts
  11 hell hounds (Lair:6)
  13 orc warriors
  A swamp drake (Lair:6)
  7 ice beasts
  6 phantoms
  4 eyes of draining
  13 black bears
  9 centaurs
  A necrophage (D:6)
  7 ogres
  15 crocodiles
  19 wolves
  3 big kobolds
  22 bullfrogs
  A gnoll sergeant (D:13)
  A wyvern zombie (D:14)
  Dowan (D:4)
  A wyvern skeleton (D:13)
  4 scorpions
  15 killer bees
  11 wights
  2 electric eels
  5 howler monkeys
  3 crimson imps
  3 bullfrog zombies
  A quasit (D:9)
  3 bullfrog skeletons
  5 jellies
  3 gnoll shamans
  11 orc priests
  A wyvern simulacrum (D:10)
  7 hounds
  21 orc wizards
  6 centaur skeletons
  6 iguanas
  11 worker ants
  Ijyb (D:3)
  9 hell rats
  3 bullfrog simulacra (D:10)
  A hound skeleton (D:8)
  2 worker ant zombies
  27 gnolls
  17 adders
  A howler monkey skeleton (D:9)
  A hound simulacrum (D:10)
  6 shadow imps
  2 white imps (D:10)
  3 ufetubi (D:10)
  7 oozes
  An adder zombie (D:9)
  2 adder skeletons
  2 worms
  A dart slug (D:5)
  7 leopard geckos
  66 orcs
  2 ball pythons
  3 bats
  7 giant cockroaches
  16 hobgoblins
  9 jackals
  28 kobolds
  7 quokkas
  14 frilled lizards
  A giant cockroach zombie (D:5)
  15 goblins
  A jackal skeleton (D:7)
  2 quokka skeletons
  9 rats
  4 fungi
  5 plants
  A withered plant (D:15)
895 creatures vanquished.

Vanquished Creatures (others)
  20 fungi
  31 plants
51 creatures vanquished.

Grand Total: 946 creatures vanquished

Notes
Turn   | Place    | Note
-------+----------+-------------------------------------------
     0 | D:1      | Monsterracer the Deep Elf Earth Elementalist began the quest for the Orb.
     0 | D:1      | Reached XP level 1. HP: 10/10 MP: 6/6
   140 | D:1      | Found a snail-covered altar of Cheibriados.
   312 | D:1      | Reached XP level 2. HP: 12/15 MP: 8/8
   325 | D:1      | Learned a level 2 spell: Passwall
   570 | D:1      | Reached skill level 4 in Earth Magic
  1037 | D:1      | Reached XP level 3. HP: 11/19 MP: 6/10
  1047 | D:1      | Learned a level 3 spell: Stone Arrow
  1692 | D:2      | Found a sparkling altar of Nemelex Xobeh.
  1895 | D:2      | Reached skill level 1 in Conjurations
  1899 | D:2      | Reached XP level 4. HP: 24/24 MP: 5/11
  1971 | D:2      | Reached skill level 5 in Earth Magic
  2320 | D:3      | Noticed Monsterracer's ghost (amateur DrCj)
  2537 | D:3      | HP: 12/24 [Monsterracer's ghost (5)]
  2539 | D:3      | Killed Monsterracer's ghost
  2539 | D:3      | Reached XP level 5. HP: 14/28 MP: 0/13
  2546 | D:3      | Learned a level 5 spell: Lee's Rapid Deconstruction
  2716 | D:3      | Noticed Ijyb
  2724 | D:3      | Killed Ijyb
  2905 | D:3      | Reached skill level 6 in Earth Magic
  3108 | D:3      | Reached XP level 6. HP: 32/32 MP: 12/14
  3638 | D:4      | Noticed Edmund
  3670 | D:4      | HP: 16/32 [Edmund/flail of protection (9)]
  3673 | D:4      | Killed Edmund
  3673 | D:4      | Reached skill level 5 in Spellcasting
  3716 | D:4      | HP: 13/32 [gnoll/vampiric spear (3)]
  3918 | D:4      | You fall through a shaft for 2 floors!
  3995 | D:6      | Reached XP level 7. HP: 36/36 MP: 6/17
  4001 | D:5      | Entered Level 5 of the Dungeon
  4009 | D:5      | Reached skill level 7 in Earth Magic
  4194 | D:4      | Noticed Sigmund
  4196 | D:4      | Noticed Duvessa
  4397 | D:4      | Killed Sigmund
  4463 | D:4      | Noticed Dowan
  4464 | D:4      | Killed Duvessa
  4480 | D:4      | Killed Dowan
  4480 | D:4      | Reached skill level 8 in Earth Magic
  4480 | D:4      | Reached XP level 8. HP: 41/41 MP: 9/19
  4512 | D:4      | Found an opulent altar of Gozag.
  4936 | D:4      | Reached skill level 5 in Conjurations
  5328 | D:5      | Found a bloodstained altar of Trog.
  5440 | D:5      | Reached skill level 1 in Fighting
  6595 | D:6      | Reached skill level 9 in Earth Magic
  6803 | D:6      | HP: 22/44 [centaur skeleton (7)]
  7071 | D:6      | Found Yngysati's Gadget Emporium.
  7165 | D:6      | Found a staircase to the Ecumenical Temple.
  7186 | Temple   | Entered the Ecumenical Temple
  7275 | Temple   | Became a worshipper of Vehumet
  7536 | D:6      | Found a burning altar of Makhleb.
  7807 | D:7      | Found a sparkling altar of Nemelex Xobeh.
  7820 | D:7      | Reached XP level 9. HP: 33/48 MP: 22/22
  7961 | D:7      | Noticed a two-headed ogre
  7966 | D:7      | HP: 20/48 [two-headed ogre/giant spiked club (19)]
  7966 | D:7      | HP: 8/48 [two-headed ogre/giant spiked club (12)]
  7967 | D:7      | Killed a two-headed ogre
  7967 | D:7      | Reached skill level 1 in Shields
  8244 | D:7      | Reached skill level 10 in Earth Magic
  8348 | D:7      | Reached skill level 5 in Dodging
  8372 | D:7      | HP: 23/51 [shadow imp/nerve-wracking pain (10)]
  8631 | D:7      | Gained mutation: You are robust. (+10% HP) [mutagenic meat]
  8664 | D:7      | Reached * piety under Vehumet
  8664 | D:7      | Offered knowledge of Freeze by Vehumet.
  8921 | D:7      | Found a hazy altar of Hepliaklqana.
  9307 | D:7      | Reached XP level 10. HP: 61/61 MP: 17/24
  9381 | D:7      | Found a deep blue altar of Sif Muna.
  9983 | D:8      | Offered knowledge of Shock by Vehumet.
 10004 | D:8      | Reached ** piety under Vehumet
 10134 | D:8      | Found a glowing golden altar of the Shining One.
 10343 | D:8      | Noticed Mesmaeker13's ghost (novice DrSk)
 10347 | D:8      | Noticed a two-headed ogre
 10372 | D:8      | HP: 29/61 [Mesmaeker13's ghost (12)]
 10405 | D:8      | HP: 30/61 [poisoned by a worker ant]
 10410 | D:8      | HP: 29/61 [poisoned by a worker ant]
 10417 | D:8      | HP: 29/61 [poisoned by a worker ant]
 10425 | D:8      | HP: 28/61 [poisoned by a worker ant]
 10605 | D:8      | HP: 30/61 [Mesmaeker13's ghost (1)]
 10607 | D:8      | Killed Mesmaeker13's ghost
 10607 | D:8      | Reached skill level 11 in Earth Magic
 10817 | D:8      | HP: 20/61 [two-headed ogre/giant club (12)]
 10839 | D:8      | HP: 9/61 [two-headed ogre/giant club (15)]
 10848 | D:8      | Killed a two-headed ogre
 11479 | D:9      | Found a burning altar of Makhleb.
 11577 | D:9      | Found a staircase to the Orcish Mines.
 11702 | D:9      | Noticed a cyclops
 11704 | D:9      | Killed a cyclops
 11887 | D:9      | Offered knowledge of Throw Frost by Vehumet.
 11887 | D:9      | Reached XP level 11. HP: 68/68 MP: 4/26
 12122 | D:9      | Found a staircase to the Lair.
 12193 | D:9      | Found a white marble altar of Elyvilon.
 12194 | D:9      | Found a glowing silver altar of Zin.
 12196 | D:9      | Found a snail-covered altar of Cheibriados.
 12252 | D:9      | Noticed gobwax's ghost (novice DgTm)
 12262 | D:9      | Killed gobwax's ghost
 12736 | D:10     | Entered Level 10 of the Dungeon
 12769 | D:10     | Reached *** piety under Vehumet
 12774 | D:10     | Noticed vineage's ghost (novice MiFi)
 12806 | D:10     | Killed vineage's ghost
 12806 | D:10     | Reached skill level 10 in Spellcasting
 12806 | D:10     | Reached skill level 12 in Earth Magic
 12950 | D:10     | Learned a level 2 spell: Throw Frost
 13011 | D:10     | Reached skill level 5 in Fighting
 13014 | D:10     | Learned a level 1 spell: Apportation
 13286 | D:10     | HP: 34/69 [icy blast (35)]
 13365 | D:10     | Offered knowledge of Inner Flame by Vehumet.
 14069 | Lair:1   | Entered Level 1 of the Lair of Beasts
 14129 | Lair:1   | Learned a level 2 spell: Swiftness
 14150 | Lair:1   | Got a smelly ring mail
 14166 | Lair:1   | Identified the +5 ring mail of Integrity {*Slow Str+7 Int+4} (You found it on level 1 of the Lair of Beasts)
 14308 | Lair:1   | Noticed an eight-headed hydra
 14318 | Lair:1   | Killed an eight-headed hydra
 14615 | Lair:1   | Noticed an oklob plant
 14752 | Lair:1   | Killed an oklob plant
 14752 | Lair:1   | Reached skill level 1 in Charms
 14846 | Lair:1   | Noticed Joseph
 14849 | Lair:1   | Killed Joseph
 15006 | Lair:1   | Reached **** piety under Vehumet
 15325 | Lair:1   | Noticed a five-headed hydra
 15334 | Lair:1   | Killed a five-headed hydra
 15518 | Lair:2   | Found a hole to the Spider Nest.
 15522 | Lair:2   | Reached XP level 12. HP: 74/74 MP: 18/28
 15701 | Lair:2   | Offered knowledge of Venom Bolt by Vehumet.
 15800 | Lair:2   | HP: 30/75 [elephant (10)]
 15806 | Lair:2   | Reached skill level 13 in Earth Magic
 16377 | Lair:2   | HP: 27/75 [spiny frog (19)]
 16611 | Lair:2   | Learned a level 3 spell: Regeneration
 16903 | Lair:2   | Noticed an eight-headed hydra
 16906 | Lair:2   | Killed an eight-headed hydra
 16906 | Lair:2   | Reached skill level 1 in Necromancy
 17414 | Lair:3   | Noticed a six-headed hydra
 17417 | Lair:3   | Killed a six-headed hydra
 17490 | Lair:3   | Reached skill level 14 in Earth Magic
 17541 | Lair:3   | Reached ***** piety under Vehumet
 17745 | Lair:3   | Noticed a five-headed hydra
 17750 | Lair:3   | Killed a five-headed hydra
 17804 | Lair:3   | Offered knowledge of Ozocubu's Refrigeration by Vehumet.
 17813 | Lair:3   | Learned a level 6 spell: Ozocubu's Refrigeration
 17912 | Lair:3   | Reached XP level 13. HP: 72/83 MP: 19/30
 17913 | Lair:3   | Reached skill level 1 in Ice Magic
 18596 | Lair:4   | Reached skill level 10 in Dodging
 18596 | Lair:4   | Reached skill level 10 in Conjurations
 19455 | Lair:4   | Got a sparkling tin ring
 19457 | Lair:4   | Identified the ring of Wobic {Wiz SInv} (You found it on level 4 of the Lair of Beasts)
 19736 | Lair:4   | Found a staircase to the Shoals.
 20893 | Lair:5   | Reached skill level 5 in Ice Magic
 21814 | Lair:6   | Entered Level 6 of the Lair of Beasts
 22042 | Lair:6   | Offered knowledge of Bolt of Cold by Vehumet.
 22042 | Lair:6   | Reached skill level 15 in Earth Magic
 22050 | Lair:6   | Learned a level 6 spell: Bolt of Cold
 22202 | Lair:6   | HP: 35/83 [frozen (15)]
 22550 | Lair:6   | Noticed a dire elephant
 22702 | Lair:6   | Reached XP level 14. HP: 86/90 MP: 25/32
 23383 | Lair:6   | Found a viscous altar of Jiyva.
 23384 | Lair:6   | Found a staircase to the Slime Pits.
 23851 | Lair:6   | HP: 41/91 [blast of rock fragments (37)]
 24362 | Lair:6   | HP: 28/91 [fire dragon/blast of flame (30)]
 26562 | Orc:1    | Entered Level 1 of the Orcish Mines
 26562 | Orc:1    | Noticed Erolcha
 26565 | Orc:1    | Killed Erolcha
 26892 | Orc:2    | Entered Level 2 of the Orcish Mines
 26980 | Orc:2    | Noticed Snorg
 26986 | Orc:2    | Killed Snorg
 27200 | Orc:2    | HP: 38/92 [drowned by a water elemental (9)]
 28056 | Orc:2    | Found a staircase to the Elven Halls.
 28151 | Orc:2    | Offered knowledge of Iron Shot by Vehumet.
 28169 | Orc:1    | Learned a level 6 spell: Iron Shot
 28765 | Orc:2    | HP: 40/92 [orc knight/war axe (20)]
 28954 | Orc:2    | Reached XP level 15. HP: 88/97 MP: 19/34
 29115 | Orc:2    | Found Sitsuv's Magic Scroll Shop.
 29115 | Orc:2    | Found Tashrexi's General Store.
 29117 | Orc:2    | Found Guannat's Antique Weapon Emporium.
 29117 | Orc:2    | Found Iqoem's General Store.
 29148 | Orc:2    | Bought a scroll of blinking for 97 gold pieces
 29713 | D:11     | Noticed Josephine
 29720 | D:11     | Killed Josephine
 29745 | D:11     | Got an encrusted war axe
 29746 | D:11     | Identified the +10 war axe "Newtbane" {drain, Int+7} (You found it on level 11 of the Dungeon)
 30340 | D:11     | Noticed Psyche
 30341 | D:11     | Killed Psyche
 30444 | D:11     | Noticed Harold
 30448 | D:11     | Killed Harold
 30655 | D:12     | Noticed Sonja
 30656 | D:12     | Killed Sonja
 30690 | D:12     | Noticed Rupert
 30695 | D:12     | Killed Rupert
 31074 | D:12     | HP: 26/97 [frozen (28)]
 31074 | D:12     | Reached ****** piety under Vehumet
 31475 | D:12     | Offered knowledge of Fireball by Vehumet.
 31636 | D:13     | Found a labyrinth entrance.
 31640 | Lab      | Entered a labyrinth
 32158 | Lab      | Identified the Grimoire of Air
 32159 | Lab      | Got a flickering tin ring
 32159 | Lab      | Got a steaming diamond amulet
 32172 | Lab      | Identified the ring "Wegehuis" {EV+1 Dex+3} (You found it in a labyrinth)
 32174 | Lab      | Identified the amulet "Luen" {rPois Regen+ Str+4 Dex+3} (You found it in a labyrinth)
 32177 | Lab      | Got an ancient robe
 32190 | D:13     | Identified the +2 robe of the Grue {rF+ rC+} (You found it in a labyrinth)
 32246 | D:13     | Reached skill level 1 in Armour
 32432 | D:13     | Found Moezag's Book Shoppe.
 33526 | D:14     | Learned a level 5 spell: Fireball
 33741 | D:14     | Noticed Frances
 33746 | D:14     | Killed Frances
 33932 | D:14     | Found a gate to the Vaults.
 34172 | D:14     | Offered knowledge of Poison Arrow by Vehumet.
 34373 | D:15     | Entered Level 15 of the Dungeon
 34634 | D:15     | Found a staircase to the Depths.
 34655 | D:15     | Reached skill level 10 in Ice Magic
 34675 | D:15     | HP: 45/99 [shadow dragon zombie (8)]
 35005 | D:15     | Found a shadowy altar of Dithmenos.
 35312 | D:15     | Reached skill level 1 in Fire Magic
 35383 | D:13     | Reached XP level 16. HP: 104/105 MP: 36/36
 35518 | Spider:1 | Entered Level 1 of the Spider Nest
 35951 | Spider:1 | Offered knowledge of Freezing Cloud by Vehumet.
 35955 | Spider:1 | HP: 44/105 [frozen (24)]
 35956 | Spider:1 | HP: 12/105 [something (13)]
 35958 | Spider:1 | HP: 2/105 [poisoned by a ghost moth]
 35959 | Spider:1 | Succumbed to a ghost moth's poison

Skill      XL: |  1  2  3  4  5  6  7  8  9 10 11 12 13 14 15 16 |
---------------+-------------------------------------------------+-----
Earth Magic    | 4 5 6 8 9 10 11 12 14 15 | 15.9
Conjurations   | 1 2 3 4 5 6 7 8 9 10 12 13 | 13.9
Spellcasting   | 4 5 6 7 8 9 10 11 12 13 14 | 14.5
Fighting       | 2 3 4 5 6 7 8 9 |  9.6
Dodging        | 3 5 7 8 9 10 11 12 | 12.0
Shields        | 2 3 4 |  4.0
Charms         | 3 4 |  4.0
Necromancy     | 2 |  2.1
Ice Magic      | 6 9 10 | 10.0
Armour         | 2 3 |  3.2
Fire Magic     | 1 2 |  2.0
Stealth        | |  2.4
Transmutations | |  1.1

Action                   |  1- 3 |  4- 6 |  7- 9 | 10-12 | 13-15 | 16-18 || total
-------------------------+-------+-------+-------+-------+-------+-------++-------
Melee: Dagger            |   110 |       |    93 |    74 |       |       ||   277
       Unarmed           |     1 |       |       |       |       |       ||     1
       Short sword       |     9 |    80 |    99 |    73 |       |       ||   261
       Staff             |       |     3 |       |       |    91 |       ||    94
       Falchion          |       |       |       |    95 |       |       ||    95
       Long sword        |       |       |       |    26 |   136 |       ||   162
       War axe           |       |       |       |       |   156 |     3 ||   159
Throw: Throwing net      |       |       |       |     2 |       |       ||     2
       Stone             |       |       |       |     1 |       |       ||     1
 Cast: Sandblast         |    39 |    22 |    31 |    80 |    89 |       ||   261
       Stone Arrow       |     1 |    28 |    94 |   209 |   396 |    24 ||   752
       Lee's Rapid Decon |       |       |     5 |    55 |    92 |     3 ||   155
       Throw Frost       |       |       |       |    19 |    10 |       ||    29
       Bolt of Cold      |       |       |       |       |    45 |     3 ||    48
       Regeneration      |       |       |       |       |     7 |       ||     7
       Ozocubu's Refrige |       |       |       |       |    10 |     6 ||    16
       Iron Shot         |       |       |       |       |    81 |     5 ||    86
Evoke: Wand              |       |       |       |       |     2 |       ||     2
       Staff of energy   |       |       |       |       |     1 |       ||     1
  Use: Scroll            |       |    10 |     7 |    10 |    10 |     1 ||    38
 Stab: Sleeping          |     7 |     2 |    10 |     2 |     4 |       ||    25
       Distracted        |       |       |     1 |       |     1 |       ||     2
  Eat: Chunk             |     3 |     7 |    18 |    31 |    55 |     2 ||   116
       Fruit             |       |     1 |     1 |     3 |     3 |     1 ||     9
       Bread ration      |       |       |       |     1 |       |       ||     1
Armor: Robe              |    14 |    13 |    32 |    43 |       |       ||   102
       Ring mail         |       |       |       |    19 |   190 |     9 ||   218
Dodge: Dodged            |    90 |    54 |   136 |   200 |   551 |    13 ||  1044
Block: Other             |       |     9 |     8 |       |       |       ||    17
       Buckler           |       |       |    12 |   125 |   290 |     5 ||   432
       Reflection        |       |       |       |     1 |     8 |       ||     9
       Rpst.: Falchion   |       |       |       |    23 |       |       ||    23
       Long sword        |       |       |       |     8 |    45 |       ||    53
